 Dungeon Crawl Stone Soup version 0.19.0-18-g426998a (webtiles) character file.

556 HungrySpirit the Skirmisher (level 7, 0/55 HPs)
             Began as a Mummy Artificer on Nov 11, 2016.
             Slain by a hippogriff (6 damage)
             ... on level 5 of the Dungeon.
             The game lasted 00:05:57 (4552 turns).

HungrySpirit the Skirmisher (Mummy Artificer)       Turns: 4552, Time: 00:05:58

Health: 0/55       AC:  5    Str: 18    XL:     7   Next: 8%
Magic:  0/10       EV: 11    Int: 10    God:
Gold:   160        SH:  0    Dex: 12    Spells: 0 memorised, 6 levels left

rFire  x . .     SeeInvis +     q - +2 rod of inaccuracy (6/9)
rCold  + . .     Gourm    .     l - +0 ring mail
rNeg   + + +     Faith    .     (no shield)
rPois  ∞         Spirit   +     (no helmet)
rElec  .         Reflect  .     (no cloak)
rCorr  .         Harm     .     (no gloves)
MR     +....                    (no boots)
Stlth  +.........               p - amulet of guardian spirit
                                g - ring of protection from magic
                                f - ring of see invisible

@: no status effects
A: no food or potions, fire vulnerability, cold resistance 1, negative energy
resistance 3, torment resistance, unbreathing
a: no special abilities


You were on level 5 of the Dungeon.
You were not hungry.

You visited 1 branch of the dungeon, and saw 5 of its levels.

You collected 160 gold pieces.

Inventory:

Hand Weapons
 j - a +0 short sword of flaming
 m - a +0 hand axe
Armour
 l - a +0 ring mail (worn)
Rods
 q - a +2 rod of inaccuracy (6/9) (in hand)
   (You found it on level 5 of the Dungeon)
Jewellery
 f - a ring of see invisible (left hand)
 g - a ring of protection from magic (right hand)
 p - an amulet of guardian spirit (around neck)
Wands
 c - a wand of flame (0/48)
 d - a wand of enslavement (15/24)
 e - a wand of random effects (9/48)
Scrolls
 a - a scroll of remove curse {unknown}
 b - a scroll of amnesia {unknown}
 h - a scroll of recharging {unknown}
 i - a scroll of teleportation {unknown}
 k - 2 scrolls of fear {unknown}
 n - 3 scrolls of identify {unknown}
 o - 2 scrolls of immolation {unknown}


   Skills:
 - Level 4.4 Fighting
 - Level 0.7 Short Blades
 * Level 3.3 Axes
 - Level 1.5 Dodging
 - Level 0.7 Stealth
 + Level 4.3 Evocations


You had 6 spell levels left.
You didn't know any spells.

Dungeon Overview and Level Annotations

Branches:
Dungeon (5/15)
 Temple: D:4-7

Altars:
Gozag
Kikubaaqudgha
Ru
Sif Muna

Annotations:
D:5 Edmund, Prince Ribbit


Innate Abilities, Weirdness & Mutations

You do not eat or drink.
Your flesh is vulnerable to fire.
You are immune to poison.
Your flesh is cold resistant. (rC+)
You are immune to negative energy. (rN+++)
You are immune to unholy pain and torment.
You can survive without breathing.


Message History

The jackal barks!
The hippogriff bites you!
The hippogriff pecks you but does no damage.
The hippogriff barely misses you. 2 jackals come into view.
Evoke which item? (* to show all) (? for menu, Esc to quit)
Aiming: Bolt of Inaccuracy
Press: ? - help, Shift-Dir - straight line, f - Edmund
Aim: Edmund, wielding an antimagic flail and wearing a chain mail The narrow beam of energy hits the hippogriff.
The hippogriff is almost dead.
The narrow beam of energy hits Edmund.
Edmund is heavily wounded.
The jackal barks! x2
The hippogriff bites you!
* * * LOW HITPOINT WARNING * * *
The hippogriff pecks you.
* * * LOW HITPOINT WARNING * * *
The hippogriff claws you!
You die...

..## ....
#.######..#
#...@H@#..#
##..##h#..# #h.
#.#..###
..%.h##.#....#
.##5.hh.#h.....#
........####h§.#
.#...h...#.#...#
#.....#$#..h..#
..)#.#.....#


You could see Edmund, a hippogriff, a crimson imp and 6 jackals.

Vanquished Creatures
  An ogre (D:4)
  A water moccasin zombie (D:5)
  A vampire bat (D:2)
  An orc priest (D:3)
  An orc wizard (D:3)
  3 hounds
  Natasha (twice) (D:2)
  A worker ant (D:4)
  3 adders
  2 oozes (D:3)
  5 worms
  2 dart slugs
  3 leopard geckos
  17 orcs
  2 bat skeletons (D:2)
  3 bat zombies (D:2)
  3 giant cockroaches
  4 hobgoblins
  10 jackals
  6 kobolds
  4 quokkas
  A ball python (D:3)
  6 bats
  6 frilled lizards
  3 goblins
  A leopard gecko skeleton (D:3)
  4 rats
96 creatures vanquished.

Notes
Turn   | Place    | Note
-------+----------+-------------------------------------------
     0 | D:1      | HungrySpirit the Mummy Artificer began the quest for the Orb.
     0 | D:1      | Reached XP level 1. HP: 15/15 MP: 2/2
   349 | D:1      | Reached XP level 2. HP: 7/22 MP: 3/3
  1517 | D:2      | Reached XP level 3. HP: 27/28 MP: 5/5
  1689 | D:2      | Found a sacrificial altar of Ru.
  1847 | D:2      | Noticed Natasha
  1852 | D:2      | Killed Natasha
  1852 | D:2      | Reached XP level 4. HP: 31/35 MP: 6/6
  1977 | D:2      | Noticed Natasha
  1986 | D:2      | Killed Natasha
  2246 | D:2      | Found an ancient bone altar of Kikubaaqudgha.
  2262 | D:2      | Reached XP level 5. HP: 32/42 MP: 7/7
  2749 | D:3      | Reached skill level 1 in Axes
  2915 | D:3      | Reached XP level 6. HP: 30/49 MP: 5/8
  4070 | D:4      | Found a faded altar of an unknown god.
  4070 | D:4      | Found a deep blue altar of Sif Muna.
  4075 | D:4      | Found a faded altar of an unknown god.
  4077 | D:4      | Found a faded altar of an unknown god.
  4079 | D:4      | Found a faded altar of an unknown god.
  4186 | D:4      | Found an opulent altar of Gozag.
  4274 | D:5      | Entered Level 5 of the Dungeon
  4317 | D:5      | Reached XP level 7. HP: 22/55 MP: 2/10
  4521 | D:5      | Noticed Prince Ribbit
  4537 | D:5      | Noticed a hippogriff
  4541 | D:5      | Noticed Edmund
  4551 | D:5      | Identified a +2 rod of inaccuracy (9/9) (You found it on level 5 of the Dungeon)
  4552 | D:5      | Slain by a hippogriff

Skill      XL: |  1  2  3  4  5  6 |
---------------+-------------------+-----
Fighting       | 2 3 4 |  4.4
Evocations     | 3 4 |  4.3
Axes           | 1 3 |  3.3
Short Blades   | |  0.7
Dodging        | |  1.5
Stealth        | |  0.7

Action                   |  1- 3 |  4- 6 |  7- 9 || total
-------------------------+-------+-------+-------++-------
Melee: Short sword       |   112 |   282 |    21 ||   415
Evoke: Wand              |     7 |    11 |     3 ||    21
       Rod               |       |       |     1 ||     1
 Stab: Confused          |       |     1 |       ||     1
Armor: Leather armour    |    23 |       |       ||    23
       Ring mail         |     3 |    94 |    10 ||   107
Dodge: Dodged            |    76 |   171 |    20 ||   267
